 Dungeon Crawl Stone Soup version 0.19.5 (webtiles) character file.

320502 JeffiDaFish the Tortoise (level 21, -1/140 HPs)
             Began as a Gargoyle Fighter on Nov 28, 2017.
             Was the Champion of Okawaru.
             Slain by a two-headed ogre
             ... wielding a +0 giant club
             ... led by an ironheart preserver
              (25 damage)
             ... while paralysed by an ogre mage
             ... on level 4 of the Vaults on Nov 29, 2017.
             The game lasted 02:10:53 (40982 turns).

JeffiDaFish the Tortoise (Gargoyle Fighter)        Turns: 40982, Time: 02:10:54

Health: -1/140     AC: 49    Str: 22    XL:     21   Next: 50%
Magic:  31/31      EV:  2    Int: 10    God:    Okawaru [******]
Gold:   783        SH:  0    Dex: 25    Spells: 2 memorised, 29 levels left

rFire  + + .     SeeInvis +     H - +5 eveningstar (freeze)
rCold  + + .     Gourm    .     m - +2 plate armour {rF+}
rNeg   + . .     Faith    .     h - +5 shield "Wugganuj" {+Blink}
rPois  ∞         Spirit   .     P - +2 hat of the High Council {Archmagi, Wiz- Stlth-}
rElec  +         Reflect  .     d - +2 cloak
rCorr  .         Harm     .     c - +2 pair of gloves {Dex+3}
MR     .....                    r - +2 pair of boots
Stlth  ..........               e - amulet of regeneration
                                E - +6 ring of dexterity
                                I - ring "Vaten" {*Slow rPois rF+ rC++ Slay+3}

@: paralysed, vulnerable, flying, studying 2 skills
A: big wings, see invisible, negative energy resistance 1, electricity
resistance, unbreathing, petrification resistance, rot immunity, AC +15
a: Stop Flying, Heroism, Finesse, Renounce Religion, Evoke Blink
}: 2/15 runes: barnacled, gossamer


You were on level 4 of the Vaults.
You worshipped Okawaru.
Okawaru was exalted by your worship.
You were not hungry.

You visited 7 branches of the dungeon, and saw 36 of its levels.
You visited the Abyss 1 time.
You also visited: Sewer, Ice Cave and Desolation.

You collected 4026 gold pieces.
You spent 3243 gold pieces at shops.

Inventory:

Hand Weapons
 H - a +5 eveningstar of freezing (weapon)
Armour
 c - a +2 pair of gloves of dexterity (worn)
 d - a +2 cloak (worn)
 h - the +5 shield "Wugganuj" (worn) {+Blink}
   (You found it in the Desolation of Salt)

   It lets you blink.
 m - a +2 plate armour of fire resistance (worn)
 r - a +2 pair of boots (worn)
 O - a +2 helmet of intelligence
 P - the +2 hat of the High Council (worn) {Archmagi, Wiz- Stlth-}
   (You found it on level 2 of the Vaults)

   It makes you less stealthy.
 Q - the +0 pair of fencer's gloves {+Riposte Dex+3}
   (You found it on level 3 of the Vaults)

   It affects your dexterity (+3).
Jewellery
 e - an amulet of regeneration (around neck)
 t - an uncursed ring of protection from magic
 y - the ring "Feamug" {EV+3 Int+6}
   (You found it in the Desolation of Salt)

   [ring of evasion]

   It affects your evasion (+3).
   It affects your intelligence (+6).
 z - the amulet of Laibri {Harm *Drain Dex+5}
   (You found it on level 1 of the Shoals)

   [amulet of harm]

   It increases damage dealt and taken.
   It affects your dexterity (+5).
   It causes draining when unequipped.
 E - a +6 ring of dexterity (right hand)
 I - the ring "Vaten" (left hand) {*Slow rPois rF+ rC++ Slay+3}
   (You found it on level 12 of the Dungeon)

   [ring of slaying]

   It affects your accuracy and damage with ranged weapons and melee attacks
   (+3).
   It protects you from fire.
   It greatly protects you from cold.
   It protects you from poison.
   It may slow you when you take damage.
 R - a +2 ring of evasion {unknown}
Wands
 G - a wand of iceblast (9/15)
Scrolls
 g - 2 scrolls of amnesia
 k - 11 scrolls of remove curse
 l - a scroll of teleportation
 o - 7 scrolls of magic mapping
 s - 7 scrolls of recharging
 u - 2 scrolls of fear
 B - 4 scrolls of identify
 C - 5 scrolls of fog
 D - 3 scrolls of summoning
Potions
 j - 4 potions of might
 v - 5 potions of curing
 x - 4 potions of brilliance
 J - 6 potions of ambrosia
 M - a potion of haste
 N - 3 potions of agility
Books
 a - the Incunabulum of the Shifting Mountains
   (You found it in the Desolation of Salt)

   Spells                             Type                      Level
   a - Ignite Poison                  Fire/Transmutation/Poison    3
   b - Ice Form                       Ice/Transmutation            4
   c - Irradiate                      Conjuration/Transmutation    5
   d - Bolt of Magma                  Conjuration/Fire/Earth       5
   e - Statue Form                    Transmutation/Earth          6
 b - a manual of
Armour
 w - a book of Dreams

   Spells                             Type                      Level
   a - Ensorcelled Hibernation        Hexes/Ice                    2
   b - Silence                        Hexes/Air                    5
   c - Darkness                       Hexes                        6
   d - Shadow Creatures               Summoning                    6
 K - a manual of Dodging
 L - a book of Necromancy

   Spells                             Type                      Level
   a - Pain                           Necromancy                   1
   b - Animate Skeleton               Necromancy                   1
   c - Vampiric Draining              Necromancy                   3
   d - Regeneration                   Charms/Necromancy            3
   e - Animate Dead                   Necromancy                   4
   f - Control Undead                 Necromancy                   4
Comestibles
 f - 11 bread rations
 i - 10 fruits
 n - 5 royal jellies
 p - 17 meat rations
 q - 7 chunks of flesh
 A - 2 slices of pizza
 F - 6 beef jerkies


   Skills:
 + Level 17.8 Fighting
 * Level 17.0 Maces & Flails
 * Level 18.6 Armour
 * Level 11.1 Dodging
 - Level 0.2 Stealth
 + Level 17.9 Shields
 + Level 7.1 Spellcasting
 + Level 6.4 Necromancy
 - Level 10.1 Invocations


You had 29 spell levels left.
You knew the following spells:

 Your Spells              Type           Power        Failure   Level  Hunger
a - Animate Skeleton      Necr           N/A          22%         1    None
b - Animate Dead          Necr           N/A          95%         4    ####...


Dungeon Overview and Level Annotations

Branches:
Dungeon (15/15)            Temple (1/1) D:6            Lair (6/6) D:8
 Shoals (4/4) Lair:4       Spider (4/4) Lair:2          Orc (2/2) D:9
    Elf (0/3) Orc:2        Vaults (4/5) D:14          Crypt (0/3) Vaults:3
 Depths (0/5) D:15
  Slime: Lair:5-6

Altars:
Ashenzari
Cheibriados
Dithmenos
Elyvilon
Fedhas
Gozag
Hepliaklqana
Kikubaaqudgha
Makhleb
Nemelex Xobeh
Okawaru
Qazlal
Ru
Sif Muna
Trog
Uskayaw
Vehumet
Xom
Yredelemnul
Zin
The Shining One
Beogh

Shops:
D:4 [   D:5 %   D:9 *:(*   D:12 [   Orc:2 !%:[   Shoals:3 [   Vaults:1 :
Vaults:2 :

Portals:
Pandemonium: Orc:2
Trove: D:13 (give 6 scrolls of blinking)

Annotations:
Lair:3 exclusion: oklob plant
Lair:6 exclusion: 2 oklob plants


Innate Abilities, Weirdness & Mutations

You are resistant to torment.
Your stone body is resilient. (AC +15)
You are immune to poison.
Your large and strong wings let you fly indefinitely.
You resist negative energy. (rN+)
You are resistant to electric shocks. (rElec)
You can survive without breathing.
You are immune to petrification.
You are immune to rotting.
You have supernaturally acute eyesight. (SInv)


Message History

The two-headed ogre hits you but does no damage.
The two-headed ogre barely misses you. The ogre mage completely misses you.
The orc warrior hits you but does no damage.
The ironbrand convoker points at the two-headed ogre and mumbles some strange words.
The two-headed ogre seems to grow stronger.
The death knight offers itself to Yredelemnul, and fills with unholy energy.
The two-headed ogre hits you but does no damage. x2
The ogre mage hits you but does no damage.
The two-headed ogre hits you but does no damage. x3
The two-headed ogre hits you with a giant club!
* * * LOW HITPOINT WARNING * * *
The orc warrior barely misses you.
The ogre mage casts a spell at the two-headed ogre.
The two-headed ogre seems to speed up.
The death knight hits you but does no damage.
The two-headed ogre barely misses you.
The two-headed ogre hits you with a giant club.
* * * LOW HITPOINT WARNING * * *
The two-headed ogre hits you with a giant club!!
You die...

###### .# ....#
..# ....# ...#
...# .$..##..#
#..OOo#
##..OOp########
#..OpO@#......#
#..##oOO#......#
##..#.))...#
##.').....#
###..<...#
#......#
#......#
##+#####


You could see a death knight, an ogre mage, an ironbrand convoker, 3 two-headed
ogres, an orc warrior, 4 ogres and an orc.

Vanquished Creatures
  Mennas (Vaults:3)
  Frederick (Vaults:3)
  Saint Roka (Orc:2)
  An Ice Fiend (IceCv)
  Rupert (Orc:1)
  A kraken (Shoals:2)
  Gastronok (D:10)
  Agnes (D:14)
  2 tengu reavers (Vaults:3)
  The ghost of JeffiDaFish the Bludgeoner, an adept GrFi of Okawaru (Spider:4)
  Donald (Orc:2)
  Ilsuiw (Shoals:4)
  A fire giant (Vaults:3)
  4 vault wardens
  An orc warlord (Orc:2)
  4 ghost moths
  The ghost of Vinniefish the Ripper, an adept FeEn of Dithmenos (Vaults:2)
  2 imperial myrmidons (Desolation)
  6 emperor scorpions
  9 ironheart preservers
  The ghost of Vinniefish the Ripper, an adept FeEn of Yredelemnul (Shoals:4)
  2 stone giants (Vaults:2)
  5 entropy weavers
  A vampire knight (Vaults:3)
  2 deep elf demonologists
  A dire elephant (Lair:6)
  A deep elf annihilator (Vaults:1)
  3 halazid warlocks (Desolation)
  A spark wasp (Spider:4)
  2 ettins (Vaults:3)
  2 crystal guardians
  2 deep elf death magi (Vaults:3)
  Snorg (D:10)
  6 merfolk javelineers
  3 ragged hierophants (Desolation)
  4 great orbs of eyes
  A fire dragon (Vaults:1)
  11 merfolk impalers
  A rakshasa (D:15)
  Harold (Orc:1)
  3 servants of whispers (Desolation)
  3 peacekeepers (Desolation)
  5 yaktaur captains
  2 hydras
  5 ice dragons
  5 alligator snapping turtles
  4 merfolk avatars
  2 vault guards (Vaults:3)
  3 merfolk aquamancers (Shoals:4)
  5 death knights
  A catoblepas (Shoals:3)
  3 satyrs (Shoals:3)
  A queen ant (Spider:1)
  3 death yaks (Lair:6)
  Erica (Lair:2)
  2 centaur warriors
  4 ogre magi
  8 orc high priests
  A deep troll shaman (Vaults:3)
  A vampire mage (Vaults:3)
  Sonja (Lair:2)
  9 deep elf knights
  A sun demon (Orc:2)
  The ghost of JeffiDaFish the Blocker, a novice GrFi of Okawaru (D:8)
  A death drake (shapeshifter) (Vaults:2)
  2 skeletal warriors
  12 sea snakes
  A gelid demonspawn (Orc:2)
  2 torturous demonspawn
  2 flayed ghosts (Vaults:1)
  5 unseen horrors
  3 deep trolls (Vaults:3)
  13 ironbrand convokers
  7 hill giants
  A glowing orange brain (Vaults:3)
  A phantasmal warrior (Vaults:4)
  2 wizards
  A sphinx zombie (Vaults:2)
  17 orc knights
  Pikel (D:6)
  3 deep elf archers
  14 harpies
  19 orb spiders
  2 necromancers
  6 ugly things
  37 wolf spiders
  7 orc sorcerers
  9 fauns (Shoals:3)
  9 deep elf magi
  10 cyclopes
  14 manticores
  25 elephants
  2 moths of wrath (Spider:4)
  5 sirens
  Maurice (D:8)
  2 rust devils (Orc:2)
  9 water nymphs
  2 gargoyles
  15 vault sentinels
  An ice statue (IceCv)
  3 black mambas
  A molten gargoyle (Desolation)
  A torpor snail (Spider:2)
  A kobold demonologist (D:15)
  14 spiny frogs
  7 komodo dragons
  A centaur skeleton (D:14)
  7 rime drakes
  A yaktaur zombie (Vaults:2)
  2 freezing wraiths
  4 anaconda simulacra (IceCv)
  2 efreet (D:15)
  31 yaktaurs
  8 ice devils
  A yaktaur skeleton (Vaults:3)
  14 demonic crawlers
  A human skeleton (Vaults:2)
  9 trolls
  A hellwing (Orc:2)
  A polar bear (shapeshifter) (Vaults:1)
  A queen bee (D:8)
  48 jumping spiders
  9 wind drakes
  A two-headed ogre (shapeshifter) (Vaults:3)
  2 two-headed ogres (Vaults:3)
  5 polar bears
  Grinder (D:3)
  30 merfolk
  17 hornets
  35 saltlings (Desolation)
  Prince Ribbit (D:6)
  2 ettin zombies (Vaults:3)
  13 snapping turtles
  12 blink frogs
  11 hippogriffs
  22 slime creatures
  18 dream sheep
  A raiju (shapeshifter) (D:14)
  Sigmund (D:2)
  3 dire elephant simulacra (IceCv)
  27 yaks
  80 redbacks
  25 tarantellas
  7 water elementals
  A yak (shapeshifter) (D:14)
  3 vampires
  10 wraiths
  8 wyverns
  Eustachio (D:6)
  5 basilisks
  A human (shapeshifter) (D:14)
  2 death yak simulacra (IceCv)
  A hungry ghost (D:14)
  The ghost of kamisama14 the Changer, an amateur DrTm (D:4)
  A chaos spawn (Orc:2)
  Grum (D:8)
  A human simulacrum (Vaults:3)
  5 wargs
  2 harpy simulacra (IceCv)
  2 mottled dragons
  20 water moccasins
  17 soldier ants
  2 iron troll simulacra (IceCv)
  Duvessa (D:6)
  7 hydra simulacra (IceCv)
  5 porcupines
  60 orc warriors
  4 phantoms
  A tengu (shapeshifter) (Vaults:3)
  2 ice beasts
  3 sky beasts
  32 ogres
  3 boggarts (Vaults:1)
  A hornet zombie (D:15)
  An ettin simulacrum (IceCv)
  9 wolves
  24 centaurs
  7 big kobolds
  15 crocodiles
  15 bullfrogs
  2 gnoll sergeants
  An elf simulacrum (Vaults:1)
  Dowan (D:6)
  3 scorpions
  An elephant simulacrum (IceCv)
  14 killer bees (D:8)
  8 electric eels
  4 wights (D:15)
  A vampire bat (Lair:5)
  10 crimson imps
  4 centaur zombies
  4 draconian simulacra (IceCv)
  A bullfrog zombie (D:11)
  3 jellies
  5 hounds
  29 orc priests
  3 bullfrog skeletons
  4 iguanas
  Ijyb (D:3)
  10 orc wizards
  A polar bear simulacrum (IceCv)
  23 worker ants
  4 hell rats
  4 troll simulacra (IceCv)
  A killer bee zombie (D:8)
  A hound zombie (D:6)
  2 hound skeletons
  12 gnolls
  A howler monkey skeleton (D:9)
  15 adders
  2 naga simulacra (IceCv)
  2 ogre simulacra (IceCv)
  2 river rats (D:5)
  5 shadow imps
  8 white imps (IceCv)
  6 ufetubi (IceCv)
  An ooze (D:6)
  6 worms
  2 dart slugs
  A leopard gecko (D:6)
  91 orcs
  19 bats
  7 giant cockroaches
  8 goblins
  5 hobgoblins
  8 jackals
  23 kobolds
  5 quokkas
  4 ball pythons
  9 frilled lizards
  A jackal zombie (D:6)
  A quokka skeleton (D:4)
  17 rats
  2 pillars of salt (Vaults:1)
  3 plants
  3 tentacles (Shoals:2)
  A withered plant (Shoals:3)
1600 creatures vanquished.

Vanquished Creatures (collateral kills)
  Nikola (Vaults:1)
  A deep elf demonologist (Vaults:3)
  2 yaktaurs (Vaults:2)
  A freezing wraith (Vaults:3)
  A yaktaur skeleton (Vaults:2)
  2 ogres (Vaults:3)
  An orc wizard (Vaults:3)
  A crawling corpse (Vaults:3)
10 creatures vanquished.

Vanquished Creatures (others)
  An unseen horror (Vaults:1)
  A harpy (Vaults:1)
  A vault sentinel (Vaults:1)
  A jumping spider (Lair:2)
  2 saltlings (Desolation)
  A tarantella (Spider:4)
  A slave (D:8)
  A killer bee (D:6)
  A crimson imp (D:6)
  A gnoll (D:6)
  An orc (D:8)
  2 jackals (D:6)
  A crawling corpse (Vaults:3)
  4 fungi
  6 pillars of salt (Vaults:1)
  26 plants
  15 tentacles (Shoals:2)
66 creatures vanquished.

Grand Total: 1676 creatures vanquished

Notes
Turn   | Place    | Note
-------+----------+-------------------------------------------
     0 | D:1      | JeffiDaFish the Gargoyle Fighter began the quest for the Orb.
     0 | D:1      | Reached XP level 1. HP: 14/14 MP: 1/1
   161 | D:1      | Reached XP level 2. HP: 19/19 MP: 2/2
   519 | D:1      | Reached XP level 3. HP: 23/23 MP: 3/3
   912 | D:2      | Found a white marble altar of Elyvilon.
  1038 | D:2      | Noticed Sigmund
  1083 | D:2      | Killed Sigmund
  1083 | D:2      | Reached skill level 4 in Armour
  1083 | D:2      | Reached skill level 5 in Shields
  1083 | D:2      | Reached XP level 4. HP: 26/29 MP: 4/4
  1083 | D:2      | Reached XP level 5. HP: 30/33 MP: 5/5
  1244 | D:2      | Found a shadowy altar of Dithmenos.
  1287 | D:2      | Reached XP level 6. HP: 38/38 MP: 6/6
  2022 | D:3      | Noticed Ijyb
  2035 | D:3      | Killed Ijyb
  2181 | D:3      | Noticed Grinder
  2190 | D:3      | Paralysed by Grinder for 3 turns
  2215 | D:3      | Paralysed by Grinder for 4 turns
  2224 | D:3      | Paralysed by Grinder for 2 turns
  2226 | D:3      | Killed Grinder
  2226 | D:3      | Reached XP level 7. HP: 30/43 MP: 7/7
  2512 | D:4      | Noticed kamisama14's ghost (amateur DrTm)
  2514 | D:4      | Reached skill level 5 in Maces & Flails
  2540 | D:4      | Killed kamisama14's ghost
  2598 | D:4      | Found Zeton's Armour Emporium.
  2782 | D:4      | Learned a level 1 spell: Animate Skeleton
  2862 | D:4      | Reached XP level 8. HP: 22/48 MP: 8/8
  3057 | D:5      | Entered Level 5 of the Dungeon
  3134 | D:5      | Reached skill level 5 in Armour
  3249 | D:5      | Found Raek's Food Emporium.
  3280 | D:5      | Reached skill level 1 in Dodging
  3292 | D:5      | Reached skill level 5 in Fighting
  3532 | D:5      | Found a stormy altar of Qazlal.
  3570 | D:5      | Found a glowing drain.
  3619 | Sewer    | Entered a sewer
  3777 | Sewer    | Reached skill level 1 in Spellcasting
  3859 | Sewer    | Reached skill level 1 in Necromancy
  4157 | D:5      | Found a snail-covered altar of Cheibriados.
  4253 | D:5      | Reached XP level 9. HP: 55/55 MP: 10/10
  4310 | D:6      | Noticed Prince Ribbit
  4580 | D:6      | Noticed Pikel
  4614 | D:6      | Killed Pikel
  4614 | D:6      | Reached skill level 6 in Armour
  4749 | D:6      | Found a staircase to the Ecumenical Temple.
  4751 | D:6      | Noticed Eustachio
  4771 | D:6      | Killed Eustachio
  4779 | Temple   | Entered the Ecumenical Temple
  5074 | D:6      | Noticed Duvessa
  5075 | D:6      | Noticed Dowan
  5123 | D:6      | Killed Duvessa
  5134 | D:6      | Killed Dowan
  5548 | D:6      | Reached skill level 7 in Armour
  5828 | D:6      | Killed Prince Ribbit
  5828 | D:6      | Reached XP level 10. HP: 59/63 MP: 13/13
  6829 | D:8      | Found a glowing golden altar of the Shining One.
  6910 | D:8      | Found a sparkling altar of Nemelex Xobeh.
  6910 | D:8      | Found an iron altar of Okawaru.
  6925 | D:8      | Became a worshipper of Warmaster Okawaru
  6959 | D:8      | Noticed Maurice
  6965 | D:8      | Noticed Grum
  6991 | D:8      | Killed Maurice
  7066 | D:8      | Killed Grum
  7143 | D:8      | Found an opulent altar of Gozag.
  7144 | D:8      | Found a glowing silver altar of Zin.
  7266 | D:8      | Noticed JeffiDaFish's ghost (novice GrFi)
  7291 | D:8      | Killed JeffiDaFish's ghost
  7291 | D:8      | Reached * piety under Okawaru
  7291 | D:8      | Reached skill level 8 in Armour
  7488 | D:8      | Reached XP level 11. HP: 69/69 MP: 15/15
  7780 | D:8      | Reached ** piety under Okawaru
  7938 | D:8      | Found a staircase to the Lair.
  7947 | Lair:1   | Entered Level 1 of the Lair of Beasts
  7947 | Lair:1   | Noticed a four-headed hydra
  7975 | D:8      | Killed a four-headed hydra
  8226 | Lair:1   | Reached *** piety under Okawaru
  8236 | Lair:1   | Noticed a five-headed hydra
  8250 | Lair:1   | Killed a five-headed hydra
  8506 | Lair:1   | Reached **** piety under Okawaru
  8759 | Lair:1   | Reached skill level 9 in Armour
  8793 | Lair:2   | Noticed Erica
  8821 | Lair:2   | Killed Erica
  8965 | Lair:2   | Reached skill level 10 in Shields
  9054 | Lair:2   | Found a hole to the Spider Nest.
  9089 | Lair:2   | Reached ***** piety under Okawaru
  9089 | Lair:2   | Reached XP level 12. HP: 77/77 MP: 18/18
  9254 | Lair:2   | Identified a scroll of acquirement
  9255 | Lair:2   | Noticed Sonja
  9291 | Lair:2   | Reached skill level 10 in Fighting
  9320 | Lair:2   | Killed Sonja
  9380 | Lair:2   | Identified the +1 demon whip "Sywaxea" {flame, rN+} (You acquired it on level 2 of the Lair of Beasts)
  9970 | Lair:3   | Reached skill level 10 in Maces & Flails
 10290 | Lair:3   | Reached ****** piety under Okawaru
 10560 | Lair:3   | Reached skill level 10 in Armour
 10930 | Lair:4   | Received a gift from Okawaru
 10968 | Lair:4   | Identified the +1 chain mail of Listlessness {+Inv rC+} (Okawaru gifted it to you on level 4 of the Lair of Beasts)
 11103 | Lair:4   | Found a staircase to the Shoals.
 11587 | Lair:4   | Reached XP level 13. HP: 84/84 MP: 19/19
 12084 | Lair:5   | Identified the Collected Works on Assistive Heat
 12588 | Lair:5   | Reached skill level 5 in Dodging
 12890 | Lair:6   | Entered Level 6 of the Lair of Beasts
 13159 | Lair:6   | Reached skill level 5 in Spellcasting
 13247 | Lair:6   | Reached skill level 11 in Armour
 13360 | Lair:6   | Received a gift from Okawaru
 13610 | Lair:6   | Reached skill level 1 in Invocations
 14040 | Lair:6   | Gained mutation: Your large and strong wings let you fly indefinitely. [Gargoyle growth]
 14040 | Lair:6   | Reached XP level 14. HP: 91/91 MP: 21/21
 14370 | Lair:6   | Noticed a dire elephant
 14451 | Lair:6   | Killed a dire elephant
 15098 | Lair:6   | Received a gift from Okawaru
 15573 | D:9      | Found Athaj's General Store.
 15573 | D:9      | Found Dasalo's Book Shoppe.
 15577 | D:9      | Found Amixuwno's Antique Weapon Shoppe.
 15578 | D:9      | Found Ileyneru's Assorted Antiques.
 15585 | D:9      | Bought a glowing eveningstar for 693 gold pieces
 15590 | D:9      | Bought a scroll of enchant weapon for 217 gold pieces
 15670 | D:9      | Reached skill level 12 in Armour
 15877 | D:9      | Found a staircase to the Orcish Mines.
 16586 | D:10     | Entered Level 10 of the Dungeon
 16905 | D:10     | Noticed Gastronok
 16919 | D:10     | Killed Gastronok
 17171 | D:10     | Found an opulent altar of Gozag.
 17277 | D:10     | Noticed Snorg
 17289 | D:10     | Killed Snorg
 17880 | D:12     | Received a gift from Okawaru
 18109 | D:12     | Reached XP level 15. HP: 97/97 MP: 22/22
 18480 | D:12     | Got a steaming amber ring
 18481 | D:12     | Identified the ring "Vaten" {*Slow rPois rF+ rC++ Slay+3} (You found it on level 12 of the Dungeon)
 18584 | D:12     | Reached skill level 5 in Invocations
 18652 | D:12     | Found Kowefewuri's Armour Boutique.
 18659 | D:12     | Bought a +0 pair of gloves of dexterity for 138 gold pieces
 19201 | D:13     | Found a portal to a secret trove of treasure.
 20299 | D:14     | Noticed Agnes
 20316 | D:14     | Killed Agnes
 20316 | D:14     | Received a gift from Okawaru
 20353 | D:14     | Found a gate to the Vaults.
 20920 | D:15     | Entered Level 15 of the Dungeon
 21004 | D:15     | Reached skill level 13 in Armour
 21617 | D:15     | Found a staircase to the Depths.
 21863 | Orc:1    | Entered Level 1 of the Orcish Mines
 21955 | Orc:1    | Noticed Harold
 21983 | Orc:1    | Killed Harold
 22141 | Orc:2    | Entered Level 2 of the Orcish Mines
 22159 | Orc:2    | Noticed Rupert
 22165 | Orc:2    | Noticed Donald
 22192 | Orc:1    | Killed Rupert
 22263 | Orc:2    | Killed Donald
 22771 | Orc:2    | Found a staircase to the Elven Halls.
 22803 | Orc:2    | Found a roughly hewn altar of Beogh.
 22898 | Orc:2    | Found Kerrudi's Distillery.
 22907 | Orc:2    | Found Muluf's Food Shop.
 22925 | Orc:2    | Received a gift from Okawaru
 23082 | Orc:2    | Bought a potion of heal wounds for 70 gold pieces
 23082 | Orc:2    | Bought a potion of heal wounds for 70 gold pieces
 23082 | Orc:2    | Bought a potion of heal wounds for 70 gold pieces
 23082 | Orc:2    | Bought a potion of heal wounds for 70 gold pieces
 23126 | Orc:2    | Reached XP level 16. HP: 84/105 MP: 23/23
 23143 | Orc:2    | Noticed Saint Roka
 23170 | Orc:2    | Killed Saint Roka
 23760 | Orc:2    | Found Didebor's Book Emporium.
 23760 | Orc:2    | Found a one-way gate leading to the halls of Pandemonium.
 23760 | Orc:2    | Found Saeth's Antique Armour Shoppe.
 24049 | Spider:1 | Entered Level 1 of the Spider Nest
 24482 | Spider:1 | Reached skill level 14 in Armour
 24511 | Spider:1 | Received a gift from Okawaru
 24668 | Spider:1 | Received a gift from Okawaru
 25133 | Spider:2 | Reached XP level 17. HP: 103/112 MP: 24/24
 25509 | Spider:2 | Reached skill level 15 in Shields
 26081 | Spider:3 | Gained mutation: You are agile. (Dex +2) [potion of mutation]
 26081 | Spider:3 | Gained mutation: You have supernaturally acute eyesight. (SInv) [potion of mutation]
 26081 | Spider:3 | Gained mutation: You have sharp toenails. [potion of mutation]
 26089 | Spider:3 | Found a frozen archway.
 26100 | IceCv    | Entered an ice cave
 26366 | IceCv    | Received a gift from Okawaru
 26577 | IceCv    | Noticed an Ice Fiend
 26599 | IceCv    | Killed an Ice Fiend
 27116 | Spider:3 | Reached skill level 15 in Fighting
 27461 | Spider:3 | Received a gift from Okawaru
 27755 | Spider:4 | Entered Level 4 of the Spider Nest
 27755 | Spider:4 | Noticed JeffiDaFish's ghost (adept GrFi)
 27798 | Spider:4 | Killed JeffiDaFish's ghost
 28070 | Spider:4 | Lost mutation: You are agile. (Dex +2) [potion of cure mutation]
 28070 | Spider:4 | Lost mutation: You have sharp toenails. [potion of cure mutation]
 28160 | Spider:4 | Reached skill level 15 in Armour
 28350 | Spider:4 | Reached XP level 18. HP: 41/119 MP: 22/25
 29136 | Spider:4 | Received a gift from Okawaru
 29149 | Spider:4 | Got a gossamer rune of Zot
 29457 | Shoals:1 | Entered Level 1 of the Shoals
 29543 | Shoals:1 | Reached skill level 15 in Maces & Flails
 29813 | Shoals:1 | Got a warped bone amulet
 29814 | Shoals:1 | Identified the amulet of Laibri {Harm *Drain Dex+5} (You found it on level 1 of the Shoals)
 31116 | Shoals:3 | Received a gift from Okawaru
 31210 | Shoals:3 | Received a gift from Okawaru
 31518 | Shoals:3 | Received a gift from Okawaru
 32012 | Shoals:3 | Found Ufoy's Armour Shoppe.
 32258 | Shoals:4 | Entered Level 4 of the Shoals
 32389 | Shoals:4 | Reached XP level 19. HP: 111/125 MP: 26/26
 32399 | Shoals:4 | Noticed Vinniefish's ghost (adept FeEn)
 32423 | Shoals:4 | Killed Vinniefish's ghost
 32472 | Shoals:4 | Reached skill level 16 in Armour
 32704 | Shoals:4 | Received a gift from Okawaru
 32855 | Shoals:4 | Noticed Ilsuiw
 32904 | Shoals:4 | Killed Ilsuiw
 33163 | Shoals:4 | Received a gift from Okawaru
 33261 | Shoals:4 | Got a barnacled rune of Zot
 33479 | Shoals:4 | Reached skill level 10 in Invocations
 33928 | Vaults:1 | Entered Level 1 of the Vaults
 33989 | Vaults:1 | Received a gift from Okawaru
 34045 | Vaults:1 | Identified the +5 morningstar "Uclel" {vamp, rElec rN++ Dex-3} (Okawaru gifted it to you on level 1 of the Vaults)
 34161 | Vaults:1 | Found a roughly hewn altar of Beogh.
 34319 | Vaults:1 | Found Neamaur's Book Boutique.
 34377 | Vaults:1 | Found a ruined gateway.
 34397 | Desolati | Entered the Desolation of Salt
 34723 | Desolati | Identified the Incunabulum of the Shifting Mountains
 35073 | Desolati | Identified the +5 shield "Wugganuj" {+Blink} (You found it in the Desolation of Salt)
 35118 | Desolati | Got a transparent lapis lazuli ring
 35119 | Desolati | Identified the ring "Feamug" {EV+3 Int+6} (You found it in the Desolation of Salt)
 35396 | Desolati | Reached skill level 5 in Necromancy
 35572 | Vaults:1 | Reached XP level 20. HP: 134/134 MP: 28/28
 35895 | Vaults:1 | Received a gift from Okawaru
 35905 | Vaults:1 | Noticed Nikola
 35938 | Vaults:1 | Killed Nikola
 36473 | Orc:2    | Bought a manual of Armour for 1435 gold pieces
 37187 | Vaults:2 | Noticed Vinniefish's ghost (adept FeEn)
 37207 | Vaults:2 | Killed Vinniefish's ghost
 37285 | Vaults:2 | Reached skill level 17 in Armour
 37707 | Vaults:2 | Found Luempise's Book Boutique.
 37844 | Vaults:2 | Received a gift from Okawaru
 38596 | Vaults:2 | Bought a book of Necromancy for 480 gold pieces
 38625 | Vaults:2 | Learned a level 4 spell: Animate Dead
 38731 | Vaults:3 | Reached skill level 10 in Dodging
 38815 | Vaults:3 | Noticed Frederick
 38829 | Vaults:3 | Killed Frederick
 39060 | Vaults:3 | Reached XP level 21. HP: 140/140 MP: 30/30
 39206 | Vaults:3 | Noticed Mennas
 39226 | Vaults:3 | Received a gift from Okawaru
 39253 | Vaults:3 | Reached skill level 18 in Armour
 39301 | Vaults:3 | Killed Mennas
 39452 | Vaults:3 | Paralysed by a great orb of eyes for 3 turns
 40313 | Vaults:3 | Received a gift from Okawaru
 40579 | Vaults:3 | Cast into level 3 of the Abyss (a deep elf demonologist)
 40591 | Vaults:3 | Escaped the Abyss
 40734 | Vaults:3 | Found a staircase to the Crypt.
 40976 | Vaults:4 | Paralysed by an ogre mage for 6 turns
 40982 | Vaults:4 | Slain by a two-headed ogre

Skill      XL: |  1  2  3  4  5  6  7  8  9 10 11 12 13 14 15 16 17 18 19 20 21 |
---------------+----------------------------------------------------------------+-----
Shields        | 5 6 8 10 11 12 13 14 15 16 17 | 17.9
Maces & Flails | 3 4 6 7 8 9 10 11 12 13 14 15 16 17 | 17.0
Armour         | 4 5 7 8 9 10 11 12 13 14 15 16 17 18 | 18.6
Fighting       | 4 5 7 8 9 10 11 12 13 14 15 16 17 | 17.8
Dodging        | 1 2 3 4 5 6 7 8 9 10 11 | 11.1
Spellcasting   | 1 2 3 4 5 6 7 |  7.1
Necromancy     | 1 2 3 4 5 6 |  6.4
Invocations    | 1 4 6 7 8 9 10 | 10.1
Stealth        | |  0.2

Action                   |  1- 3 |  4- 6 |  7- 9 | 10-12 | 13-15 | 16-18 | 19-21 || total
-------------------------+-------+-------+-------+-------+-------+-------+-------++-------
Melee: Flail             |   205 |   206 |   140 |       |       |       |       ||   551
       Whip              |       |       |   595 |  2050 |  2172 |       |       ||  4817
       Eveningstar       |       |       |       |       |  1038 |  2150 |  1935 ||  5123
 Cast: Animate Skeleton  |       |       |       |       |       |       |    72 ||    72
Invok: Finesse           |       |       |       |       |     1 |    10 |    13 ||    24
       Heroism           |       |       |       |       |       |     3 |       ||     3
 Abil: Fly               |       |       |       |       |     2 |       |       ||     2
       Stop Flying       |       |       |       |       |     1 |       |       ||     1
Evoke: Wand              |       |       |    13 |     4 |       |       |       ||    17
  Use: Potion            |     2 |     1 |     4 |     4 |     2 |     9 |     7 ||    29
       Scroll            |     2 |     4 |     9 |    10 |    15 |    18 |    12 ||    70
 Stab: Distracted        |       |       |       |     1 |     1 |       |    10 ||    12
       Fleeing           |       |       |       |       |       |     1 |       ||     1
  Eat: Chunk             |     1 |     4 |    13 |    21 |    43 |    31 |    25 ||   138
       Fruit             |       |       |     2 |       |       |       |       ||     2
       Pizza             |       |       |     1 |       |       |       |       ||     1
       Beef jerky        |       |       |     1 |       |       |       |       ||     1
       Royal jelly       |       |       |       |       |       |     1 |     2 ||     3
Armor: Scale mail        |    10 |       |       |       |       |       |       ||    10
       Plate armour      |   145 |   129 |   400 |  1115 |  1858 |  1293 |   691 ||  5631
Dodge: Dodged            |    43 |    32 |   128 |   414 |   912 |   711 |   573 ||  2813
Block: Shield            |   106 |   115 |   402 |  1028 |  1703 |       |   908 ||  4262
       Large shield      |       |       |       |       |   497 |  2541 |   814 ||  3852
